 Dungeon Crawl Stone Soup version 0.31-a0-810-ga77100ea1a (webtiles) character file.

Game seed: 3204460577157888036

99 GloriousHammer the Chopper (level 4, -15/41 HPs)
             Began as a Hill Orc Monk on Sept 21, 2023.
             Demolished by an ogre
             ... wielding a +0 giant club
              (27 damage)
             ... on level 4 of the Dungeon.
             The game lasted 00:03:49 (2356 turns).

GloriousHammer the Chopper (Hill Orc Monk)          Turns: 2356, Time: 00:03:49

Health: -15/41     AC:  8    Str: 15    XL:     4   Next: 72%
Magic:  4/4        EV:  7    Int: 10    God:
Gold:   121        SH:  0    Dex: 13    Spells: 3/3 levels left

rFire   . . .        a - +0 hand axe
rCold   . . .        d - orb {light}
rNeg    + . .        k - +0 chain mail
rPois   .            (no helmet)
rElec   .            (no cloak)
rCorr   .            (no gloves)
SInv    .            (no boots)
Will    .....        (no amulet) Stlth
                     N - ring of positive energy
HPRegen 0.26/turn    (no ring)
MPRegen 0.09/turn

%: no passive effects
@: glowing
A: no striking features
a: no special abilities


You were on level 4 of the Dungeon.
You visited 1 branch of the dungeon, and saw 4 of its levels.

You collected 121 gold pieces.

Inventory:

Hand Weapons
 a - a +0 hand axe (weapon)
 p - a +0 sling of freezing
Missiles
 e - 2 curare-tipped darts
Armour
 b - a +0 robe
 d - an orb of light (worn)
 i - a +0 kite shield
 k - a +0 chain mail (worn)
Jewellery
 F - a ring of fire
 N - a ring of positive energy (left hand)
Scrolls
 f - 2 scrolls of fog {unknown}
 g - 3 scrolls of vulnerability {unknown}
 h - 7 scrolls of identify {unknown}
 j - a scroll of acquirement {unknown}
 m - a scroll of enchant armour {unknown}
 n - 3 scrolls of blinking {unknown}
Potions
 c - a potion of ambrosia
 l - a potion of degeneration {unknown}
 o - a potion of heal wounds {unknown}


   Skills:
 + Level 4.5 Fighting
 * Level 5.8 Axes
 + Level 0.9 Armour
 - Level 2.4 Dodging
 + Level 1.1 Shields


You had 3 spell levels left.
You didn't know any spells.
Your spell library contained the following spells:

 Spells                   Type           Power      Damage    Failure   Level
 Poisonous Vapours        Pois/Air       0%         N/A       100%        2
 Mephitic Cloud           Conj/Pois/Air  0%         N/A       100%        3
 Freezing Cloud           Conj/Ice/Air   0%         6-21      100%        5


Dungeon Overview and Level Annotations

Branches:
Dungeon (4/15)
 Temple: D:4-7

Altars:
Okawaru
Zin


Message History

The ufetubus is moderately wounded.
The ufetubus hits you. The ufetubus closely misses you.
A goblin comes into view. It is wielding a +0 club.
The ufetubus closely misses you.
The ufetubus hits you but does no damage.
The goblin shouts!
You hit the ufetubus.
The ufetubus is almost dead.
The ufetubus hits you but does no damage.
The ufetubus barely misses you.
A goblin comes into view. It is wielding a +0 club.
The ufetubus hits you.
The ufetubus hits you but does no damage.
The ufetubus barely misses you. The ufetubus hits you.
You hit the ufetubus.
You kill the ufetubus!
Your Shields skill increases to level 1!
You closely miss the goblin. The goblin hits you but does no damage.
You hit the goblin.
The goblin is severely wounded.
The goblin barely misses you. The goblin hits you but does no damage.
You barely miss the goblin. You hit the goblin.
You kill the goblin!
You hit the goblin. The goblin hits you with a +0 club. x2
You slash the goblin!
You kill the goblin!
You hit the goblin but do no damage. The goblin completely misses you.
You hit the goblin.
You kill the goblin!
You hit the goblin but do no damage. The goblin hits you but does no damage.
The goblin closely misses you.
Things that are here:
a +0 club; a +0 club You hit the goblin but do no damage.
The goblin is moderately wounded.
You hit the goblin. The goblin hits you but does no damage.
The goblin hits you with a +0 club.
A goblin comes into view. It is wielding a +0 club.
The goblin shouts!
You hit the goblin.
You kill the goblin!
You closely miss the goblin.
You hear the slow hiss of an avalanche of sand.
You hear a shout!
The goblin barely misses you.
A goblin comes into view. It is wielding a +0 dagger.
The goblin hits you but does no damage.
Things that are here:
a +0 club; a +0 sling The goblin hits you but does no damage.
Things that are here:
a +0 club; a +0 club You hit the goblin.
You kill the goblin!
An ogre comes into view. It is wielding a +0 giant club.
The ogre shouts!
Things that are here:
a +0 club; a goblin corpse
Things that are here:
a +0 club; a +0 club The goblin attacks as it pursues you!
The goblin barely misses you.
You hit the goblin.
You kill the goblin!
You hit the goblin but do no damage. The goblin hits you with a +0 dagger.
You barely miss the goblin. The goblin closely misses you.
The goblin attacks as it pursues you! The goblin closely misses you.
There is a stone staircase leading up here.
The goblin hits you but does no damage.
You climb upwards.
There is a stone staircase leading down here.
You barely miss the goblin. The goblin hits you with a +0 dagger.
You hit the goblin.
You kill the goblin!
Things that are here:
a +0 dagger; a goblin corpse
There is a stone staircase leading down here.
You start resting.
HP restored.
You climb downwards.
You hear the hiss of flowing sand.
There is an entrance to an ossuary on this level.
Hurry and find it before the portal is buried!
You hear the slow hiss of an avalanche of sand very nearby.
The ogre hits you with a +0 giant club!!
Ouch! That really hurt!
There is a stone staircase leading up, spattered with blood here.
You slash the ogre!
The ogre is moderately wounded.
The ogre hits you with a +0 giant club!
* * * LOW HITPOINT WARNING * * *
You hit the ogre.
The ogre is heavily wounded.
You hit the ogre.
The ogre is heavily wounded.
The ogre closely misses you.
Unknown command.
You hit the ogre.
The ogre is severely wounded.
The ogre hits you with a +0 giant club!!
Ouch! That really hurt!
You die...

#...###..#
#......######..
#####).........
#)).####...
##########)#..##..
#.......#.).......
#..........#...###
#...(.O......###
#.....@......#
#.....†......#
#...........>#
########.....#
#....... #.....##
.....# ....#


You could see an ogre.

Vanquished Creatures
  A gnoll (D:1)
  An adder (D:3)
  An ufetubus (D:4)
  2 worms (D:1)
  A dart slug (D:1)
  8 ball pythons
  4 endoplasms
  3 giant cockroaches
  13 goblins
  7 hobgoblins
  2 quokkas
  2 bats
  2 frilled lizards
  8 kobolds
  9 rats
64 creatures vanquished.

Notes
Turn   | Place    | Note
-------+----------+-------------------------------------------
     0 | D:1      | GloriousHammer the Hill Orc Monk began the quest for the
                  | Orb.
     0 | D:1      | Reached XP level 1. HP: 19/19 MP: 1/1
    16 | D:1      | Reached XP level 2. HP: 19/27 MP: 2/2
   298 | D:1      | Reached skill level 5 in Axes
   298 | D:1      | Reached XP level 3. HP: 11/33 MP: 3/3
  1198 | D:2      | Found a glowing silver altar of Zin.
  1474 | D:3      | Found an iron altar of Okawaru.
  1477 | D:3      | Reached XP level 4. HP: 41/41 MP: 4/4
  2221 | D:4      | Reached skill level 1 in Shields
  2234 | D:4      | Noticed an ogre
  2356 | D:4      | Demolished by an ogre

Illustrated notes

Levels and vault maps discovered:
D:1:      psy_arrival_radial01, layout_basic, nicolae_wormholes
D:2:      layout_rooms, basic_altar
D:3:      layout_basic, old_standard_altar
D:4:      layout_rooms, nicolae_sif_muna_condensation, serial_shops, shop,
          enter_ossuary_4, minmay_splitting_lines, kennysheep_decorative_pillar,
          minmay_ogre_servants

Skill      XL: |  1  2  3  4 |
---------------+-------------+-----
Fighting       | 4 |  4.5
Axes           | 5 |  5.8
Shields        | 1 |  1.1
Armour         | |  0.9
Dodging        | |  2.4

Action                     |  1- 3 |  4- 6 || total
---------------------------+-------+-------++-------
  Melee: Hand axe          |   126 |    61 ||   187
 Armour: Robe              |    33 |       ||    33
         Chain mail        |    23 |    55 ||    78
  Dodge: Dodged            |    67 |    29 ||    96
  Block: Kite shield       |     4 |       ||     4

Table legend: (Time is in decaauts)
 A = Elapsed time spent in this place.
 B = Non-inter-level travel time spent in this place.
 C = Inter-level travel time spent in this place.
 D = Time resting spent in this place.
 E = Time spent auto-exploring this place.
 F = Levels seen in this place.
 G = Mean time per level.
                   A        B        C        D        E       F      G
               +--------+--------+--------+--------+--------+-----+--------+
         Total |   2363 |   2269 |     94 |    100 |   1535 |   4 |  590.8 |
       Dungeon |   2363 |   2269 |     94 |    100 |   1535 |   4 |  590.8 |
               +--------+--------+--------+--------+--------+-----+--------+

Top non-repeatable levels by time:
     D:1: 1002 daAuts
     D:3: 861 daAuts
     D:2: 439 daAuts
     D:4: 60 daAuts
